 Dungeon Crawl Stone Soup version 0.23.2-40-g277498a001 (webtiles) character file.

Game seed: 7509996179819667880

2788 Emblim88 the Slasher (level 9, -3/75 HPs)
             Began as a Minotaur Skald on Oct 7, 2019.
             Was a Follower of Qazlal.
             Slain by a warg (7 damage)
             ... on level 8 of the Dungeon.
             The game lasted 00:26:48 (6465 turns).

Emblim88 the Slasher (Minotaur Skald)               Turns: 6465, Time: 00:26:48

Health: -3/75      AC: 11    Str: 18    XL:     9   Next: 43%
Magic:  9/10       EV: 14    Int: 10    God:    Qazlal [*.....]
Gold:   361        SH:  2    Dex: 13    Spells: 5/10 levels left

rFire    + . .     SeeInvis +   C - -1 triple sword
rCold    x . .     Gourm    .   (shield currently unavailable)
rNeg     . . .     Faith    .   E - +4 leather armour of Fesup {rCorr Dex+2 SInv}
rPois    .         Spirit   .   (helmet restricted)
rElec    .         Reflect  .   g - +1 cloak
rCorr    +         Harm     .   b - +0 pair of gloves
MR       +....                  (no boots)
Stlth    +.........             w - amulet of the acrobat
HPRegen  0.22/turn              k - ring of fire
MPRegen  0.12/turn              v - ring of protection from magic

@: hasted, very quick
A: retaliatory headbutt, horns 2
a: Renounce Religion


You were on level 8 of the Dungeon.
You worshipped Qazlal.
Qazlal was aware of your devotion.
You were not hungry.

You visited 1 branch of the dungeon, and saw 8 of its levels.

You collected 510 gold pieces.
You spent 149 gold pieces at shops.

Inventory:

Hand Weapons
 u - a -3 triple crossbow
 x - a +1 falchion of draining
 C - a -1 triple sword (weapon)
Missiles
 a - 7 needles of sleeping
 F - 33 bolts (quivered)
Armour
 b - a +0 pair of gloves (worn)
 c - a +0 buckler
 g - a +1 cloak (worn)
 E - the +4 leather armour of Fesup (worn) {rCorr Dex+2 SInv}
   (You bought it in a shop on level 6 of the Dungeon)

   It affects your dexterity (+2).
   It lets you see invisible.
   It provides partial protection from all sources of acid and corrosion.
Jewellery
 k - a ring of fire (left hand)
 v - a ring of protection from magic (right hand)
 w - an amulet of the acrobat (around neck)
 B - an uncursed ring of teleportation
 H - an uncursed amulet of rage {unknown}
Wands
 e - a wand of acid (6)
 y - a wand of random effects (17)
 z - a wand of paralysis (24)
Scrolls
 h - 3 scrolls of immolation
 i - 2 scrolls of random uselessness
 o - 2 scrolls of fog
 p - 5 scrolls of identify
 q - a scroll of enchant armour
 r - 7 scrolls of remove curse
 t - a scroll of magic mapping {unknown}
 A - a scroll of blinking {unknown}
 G - a scroll of brand weapon {unknown}
Potions
 j - a potion of flight
 l - a potion of agility
 n - 2 potions of brilliance
Comestibles
 d - 11 rations
 m - 4 chunks of flesh


   Skills:
 + Level 6.2 Fighting
 * Level 6.9 Long Blades
 + Level 5.8 Armour
 + Level 5.7 Dodging
 + Level 5.1 Shields
 + Level 4.8 Unarmed Combat
 - Level 1.3 Spellcasting
 + Level 3.8 Charms
 + Level 1.2 Translocations


You had 5 spell levels left.
You knew the following spells:

 Your Spells              Type           Power        Failure   Level  Hunger
a - Infusion              Chrm           #...         8%          1    ##.....
b - Song of Slaying       Chrm           #.......     12%         2    ###....
c - Shroud of Golubria    Chrm/Tloc      #.........   21%         2    ###....

Your spell library contained the following spells:

 Spells                   Type           Power        Failure   Level  Hunger
 Confusing Touch          Hex            #.....       36%         1    ##.....
 Regeneration             Chrm/Necr      #.........   45%         3    ####...
 Spectral Weapon          Hex/Chrm       #.......     45%         3    ####...
 Corpse Rot               Necr           N/A          50%         2    ###....
 Gell's Gravitas          Tloc           #.........   56%         3    ####...
 Confuse                  Hex            #.......     75%         3    ####...
 Stone Arrow              Conj/Erth      #.....       75%         3    ####...
 Leda's Liquefaction      Hex/Erth       #.........   98%         4    #####..
 Petrify                  Tmut/Erth      #.......     98%         4    #####..
 Metabolic Englaciation   Hex/Ice        #.........   100%        5    ######.
 Summon Forest            Summ/Tloc      #.........   100%        5    ######.
 Yara's Violent Unravell  Hex/Tmut       #.........   100%        5    ######.
 Hydra Form               Tmut           #.........   100%        6    #######
 Summon Hydra             Summ           #.........   100%        7    #######


Dungeon Overview and Level Annotations

Branches:
Dungeon (8/15)             Temple (0/1) D:6
   Lair: D:8-11

Altars:
Ashenzari
Gozag
Okawaru
Qazlal
Ru
Yredelemnul
Zin

Shops:
D:6 *[

Annotations:
D:6 1 runed translucent door


Innate Abilities, Weirdness & Mutations

You reflexively headbutt those who attack you in melee.
You have a pair of horns on your head.


Message History

You barely miss the orc wizard. You headbutt the orc wizard!
The orc wizard is severely wounded.
The orc hits you with a +0 flail.
* * * LOW HITPOINT WARNING * * *
The warg bites you but does no damage.
Items here: )) [[ ††† You hit the orc wizard.
The orc wizard is almost dead.
The orc wizard closely misses you. The warg bites you but does no damage.
The orc hits you but does no damage. The orc wizard misses you.
You riposte.
You slash the orc wizard!
You kill the orc wizard!
Qazlal accepts your kill. The orc hits you with a +0 flail.
* * * LOW HITPOINT WARNING * * *
You barely miss the warg.
You headbutt the warg, but do no damage.
The warg is moderately wounded.
The warg bites you!
You die...

#.... # #...÷ #.
#.... .# ##########
##....
.##........####.....
...................
..
#..§.......####....
....##o§§§.[....#
#...<
......o@h.......#
#####
P..#.##§§§......# #
#§§§......# #
##§§§.....## #
#.......### #
#....####### ...###
.#


You could see a warg and 2 orcs.

Vanquished Creatures
  A hippogriff (D:8)
  Sigmund (D:4)
  A wyvern (D:7)
  2 wargs (D:8)
  Menkaure (D:4)
  A sky beast (D:7)
  2 ice beasts (D:5)
  An orc warrior (D:6)
  3 ogres
  A centaur (D:8)
  2 bullfrogs
  2 scorpions
  A crimson imp (D:4)
  A bullfrog zombie (D:5)
  2 jellies (D:7)
  A centaur skeleton (D:4)
  A bullfrog skeleton (D:7)
  5 orc priests
  3 hounds
  7 orc wizards
  A human skeleton (D:6)
  5 worker ants
  A hound zombie (D:7)
  A hound skeleton (D:8)
  A worker ant zombie (D:7)
  4 gnolls (D:7)
  3 adders
  A shadow imp (D:5)
  An ooze (D:3)
  An adder zombie (D:6)
  2 adder skeletons
  2 worms
  9 dart slugs (D:5)
  6 leopard geckos
  20 orcs
  2 ball pythons
  7 bats
  7 giant cockroaches
  6 goblins
  10 hobgoblins
  13 jackals
  8 kobolds
  2 quokkas
  8 frilled lizards
  2 jackal skeletons
  9 rats
171 creatures vanquished.

Notes
Turn   | Place    | Note
-------+----------+-------------------------------------------
     0 | D:1      | Emblim88 the Minotaur Skald began the quest for the Orb.
     0 | D:1      | Reached XP level 1. HP: 18/18 MP: 1/1
    35 | D:1      | Reached XP level 2. HP: 25/25 MP: 3/3
   172 | D:1      | Learned a level 2 spell: Song of Slaying
   291 | D:1      | Reached XP level 3. HP: 22/30 MP: 4/4
   737 | D:2      | Found a glowing silver altar of Zin.
  1259 | D:2      | Found a faded altar of an unknown god.
  1299 | D:2      | Reached XP level 4. HP: 37/38 MP: 5/5
  1316 | D:2      | Learned a level 2 spell: Shroud of Golubria
  1850 | D:3      | Reached skill level 1 in Unarmed Combat
  1996 | D:3      | Found an opulent altar of Gozag.
  2027 | D:3      | Found a shattered altar of Ashenzari.
  2042 | D:3      | Found an iron altar of Okawaru.
  2390 | D:4      | Reached XP level 5. HP: 44/45 MP: 6/6
  2396 | D:4      | Noticed Menkaure
  2403 | D:4      | Killed Menkaure
  2403 | D:4      | Reached skill level 1 in Shields
  2403 | D:4      | Reached XP level 6. HP: 11/52 MP: 5/7
  2925 | D:4      | Noticed Sigmund
  2935 | D:4      | Killed Sigmund
  2992 | D:4      | Reached XP level 7. HP: 59/59 MP: 8/8
  3141 | D:5      | Entered Level 5 of the Dungeon
  3708 | D:5      | Reached skill level 5 in Fighting
  3708 | D:5      | Reached skill level 5 in Long Blades
  3708 | D:5      | Reached XP level 8. HP: 53/68 MP: 9/9
  4060 | D:6      | Found a stormy altar of Qazlal.
  4077 | D:6      | Became a worshipper of Qazlal Stormbringer
  4474 | D:6      | Found Kasienen's Antique Armour Emporium.
  4483 | D:6      | Bought an ichor-stained leather armour for 147 gold pieces
  4493 | D:6      | Identified the +4 leather armour of Fesup {rCorr Dex+2
                  | SInv} (You bought it in a shop on level 6 of the Dungeon)
  4514 | D:6      | Found a sacrificial altar of Ru.
  4518 | D:6      | Found a runed translucent door.
  4519 | D:6      | Found a basalt altar of Yredelemnul.
  4624 | D:6      | Found Xoecsa's Lightly-Used Armoury.
  4632 | D:6      | Bought a -3 triple crossbow for 1 gold piece
  4632 | D:6      | Bought a -3 triple sword for 1 gold piece
  5000 | D:6      | Found a staircase to the Ecumenical Temple.
  5029 | D:6      | Reached skill level 5 in Armour
  5029 | D:6      | Reached skill level 5 in Dodging
  5823 | D:7      | Reached * piety under Qazlal
  6313 | D:8      | Noticed a hippogriff
  6319 | D:7      | Reached XP level 9. HP: 75/75 MP: 10/10
  6450 | D:8      | HP: 3/75 [warg (12)]
  6451 | D:8      | Reached skill level 1 in Translocations
  6461 | D:8      | Reached skill level 5 in Shields
  6465 | D:8      | Slain by a warg

Skill      XL: |  1  2  3  4  5  6  7  8  9 |
---------------+----------------------------+-----
Armour         | 2 3 4 5 |  5.8
Fighting       | 3 4 5 6 |  6.2
Long Blades    | 3 4 5 6 |  6.9
Dodging        | 3 4 5 |  5.7
Unarmed Combat | 1 2 3 4 |  4.8
Shields        | 1 2 3 4 5 |  5.1
Charms         | 3 |  3.8
Translocations | 1 |  1.2
Spellcasting   | |  1.3

Action                   |  1- 3 |  4- 6 |  7- 9 || total
-------------------------+-------+-------+-------++-------
Melee: Falchion          |    78 |    77 |   135 ||   290
       Headbutt          |    12 |    13 |    56 ||    81
       Triple sword      |       |       |    93 ||    93
 Fire: Triple crossbow   |       |       |     2 ||     2
 Cast: Infusion          |       |     1 |     3 ||     4
  Use: Scroll            |       |     9 |     4 ||    13
       Potion            |       |     4 |     7 ||    11
  Eat: Chunk             |     1 |     5 |     2 ||     8
       Ration            |       |       |     3 ||     3
Armor: Leather armour    |    25 |    10 |    69 ||   104
       Ring mail         |       |     6 |    28 ||    34
Dodge: Dodged            |    67 |    47 |   214 ||   328
Block: Buckler           |       |     5 |    20 ||    25
       Other             |       |       |     7 ||     7
       Rpst.: Falchion   |    20 |    20 |    22 ||    62
       Triple sword      |       |       |    44 ||    44
